 Dungeon Crawl Stone Soup version 0.29.1-15-g9cfb28693d (webtiles) character file.

Game seed: 4643095591525193927

188 firemarshallily the Sneak (level 5, 0/36 HPs)
             Began as an Octopode Brigand on Mar 12, 2023.
             Was a Believer of Vehumet.
             Slain by a centaur (2 damage)
             ... on level 4 of the Dungeon.
             The game lasted 00:09:27 (3548 turns).

firemarshallily the Sneak (Octopode Brigand)        Turns: 3548, Time: 00:09:28

Health: 0/36       AC:  1    Str: 10    XL:     5   Next: 67%
Magic:  8/8        EV: 12    Int: 16    God:    Vehumet [**....]
Gold:   225        SH:  0    Dex: 13    Spells: 5/8 levels left

rFire   . . .      SeeInvis .   a - +2 dagger
rCold   . . .      Faith    .   (no shield)
rNeg    . . .      Spirit   .   (helmet restricted)
rPois   +          Reflect  .   (no amulet)
rElec   .          Harm     .   h - ring of flight
rCorr   .          Rampage  .   r - ring of poison resistance
Will    +....                   v - ring of willpower
Stlth   ++++......              (no ring)
HPRegen 0.12/turn               (no ring)
MPRegen 0.11/turn               (no ring)
                                (no ring)
                                (no ring)

@: attractive, flying, hasted, very quick
A: almost no armour, amphibious, 8 rings, camouflage 1, gelatinous body 1,
(nimble swimmer 1), tentacles
a: Renounce Religion


You were on level 4 of the Dungeon.
You worshipped Vehumet.
Vehumet was pleased with you.
You visited 1 branch of the dungeon, and saw 4 of its levels.

You collected 225 gold pieces.

Inventory:

Hand Weapons
 a - a +2 dagger (weapon)
Missiles
 b - 12 poisoned darts (quivered)
 c - 7 curare-tipped darts
 z - 2 boomerangs
 D - a throwing net
Jewellery
 h - a ring of flight (left tentacle)
 r - a ring of poison resistance (right tentacle)
 v - a ring of willpower (on tentacle)
Wands
 w - a wand of roots (4)
 x - a wand of polymorph (3)
Scrolls
 e - a scroll of blinking {unknown}
 i - 4 scrolls of vulnerability {unknown}
 j - 3 scrolls of identify {unknown}
 l - a scroll of enchant weapon {unknown}
 p - a scroll of immolation {unknown}
 u - a scroll of amnesia {unknown}
 y - 2 scrolls of teleportation {unknown}
Potions
 d - a potion of magic
 f - a potion of degeneration {unknown}
 g - a potion of might {unknown}
 k - a potion of haste
 m - a potion of cancellation {unknown}
 n - a potion of flight
 q - a potion of lignification {unknown}
 s - a potion of berserk rage {unknown}
 t - a potion of brilliance {unknown}
 A - a potion of ambrosia {unknown}
 B - a potion of heal wounds {unknown}


   Skills:
 + Level 3.2 Fighting
 + Level 3.3 Short Blades
 - Level 2.0 Throwing
 - Level 1.0 Dodging
 + Level 6.5 Stealth
 + Level 2.1 Spellcasting


You had 5 spell levels left.
You knew the following spells:

 Your Spells              Type           Power      Damage    Failure   Level
a - Foxfire               Conj/Fire      4%         2x1d4     21%         1
b - Searing Ray           Conj           2%         2d4       30%         2

Your spell library contained the following spells:

 Spells                   Type           Power      Damage    Failure   Level
 Apportation              Tloc           2%         N/A       21%         1
 Alistair's Intoxication  Tmut/Pois      0%         N/A       99%         5


Dungeon Overview and Level Annotations

Branches:
Dungeon (4/15)
 Temple: D:4-7

Altars:
Vehumet

Shops:
D:4 (


Innate Abilities, Weirdness & Mutations

You cannot wear most types of armour.
You are amphibious.
You can wear up to eight rings at the same time.
Your skin changes colour to match your surroundings (Stealth+).
Your rubbery body absorbs attacks. (AC +1, EV +1)
((You are camouflaged when in or above water. (Stealth+)))
You have tentacles for arms and can constrict up to eight enemies at once.


Message History

The centaur kicks you.
You hit the centaur but do no damage. The centaur closely misses you.
The centaur kicks you.
You hit the centaur.
The centaur is lightly wounded.
The centaur hits you. The centaur kicks you. The centaur hits you.
The centaur kicks you.
* * * LOW HITPOINT WARNING * * *
You hit the centaur but do no damage.
The centaur is lightly wounded.
The centaur hits you!
* * * LOW HITPOINT WARNING * * *
The centaur kicks you but does no damage.
You feel better. The centaur hits you.
* * * LOW HITPOINT WARNING * * *
The centaur kicks you.
* * * LOW HITPOINT WARNING * * *
It was a potion of haste.
You feel yourself speed up. The centaur hits you.
* * * LOW HITPOINT WARNING * * *
The centaur kicks you but does no damage.
The centaur hits you.
* * * LOW HITPOINT WARNING * * *
The centaur barely misses you.
You feel better. The centaur hits you.
* * * LOW HITPOINT WARNING * * *
The centaur kicks you.
* * * LOW HITPOINT WARNING * * *
It was a potion of flight.
You feel more buoyant. The centaur hits you.
* * * LOW HITPOINT WARNING * * *
The centaur barely misses you.
It was a potion of magic.
Magic courses through your body. The centaur hits you.
* * * LOW HITPOINT WARNING * * *
The centaur kicks you but does no damage.
It was a potion of attraction.
You feel attractive to monsters. The centaur hits you.
You die...

.> ## .##
#. .. # #.
.#.#
#.##.#.#
#.#....#
#.#..# #
#.#.##.#
#c@....#
###.#####
#.......#
.
#.#.###.#
#.##
#.#..##.#
#.#
#.##.##.#
#.#
#.......#
#.#
####.##.##
#.#
#.....#
#<##


You could see a centaur.

Vanquished Creatures
  A jelly (D:4)
  Terence (D:3)
  2 orc wizards (D:4)
  An adder (D:3)
  A worm (D:3)
  3 dart slugs
  3 orcs (D:4)
  5 endoplasms
  2 giant cockroaches
  3 hobgoblins
  3 kobolds
  6 quokkas
  3 training dummies (D:4)
  8 ball pythons
  6 bats
  3 frilled lizards
  7 goblins
  2 rats (D:3)
60 creatures vanquished.

Vanquished Creatures (others)
  19 foxfires
19 creatures vanquished.

Grand Total: 79 creatures vanquished

Notes
Turn   | Place    | Note
-------+----------+-------------------------------------------
     0 | D:1      | firemarshallily the Octopode Brigand began the quest for
                  | the Orb.
     0 | D:1      | Reached XP level 1. HP: 14/14 MP: 1/1
   430 | D:1      | Noticed an eye of devastation
   431 | D:1      | Found a faded altar of an unknown god.
   433 | D:1      | Noticed an eye of devastation
   439 | D:1      | Noticed a shining eye
   443 | D:1      | Noticed a great orb of eyes
   445 | D:1      | Reached XP level 2. HP: 19/19 MP: 2/2
   470 | D:1      | Prayed at the altar of an unknown god.
   470 | D:1      | Became a worshipper of Vehumet
   470 | D:1      | Reached * piety under Vehumet
   470 | D:1      | Offered knowledge of Foxfire by Vehumet.
   482 | D:1      | Learned a level 1 spell: Foxfire
  1206 | D:2      | Reached XP level 3. HP: 22/24 MP: 0/4
  1430 | D:2      | Reached skill level 1 in Spellcasting
  2122 | D:3      | Reached ** piety under Vehumet
  2170 | D:3      | Noticed Terence
  2241 | D:3      | Killed Terence
  2242 | D:3      | Reached skill level 6 in Stealth
  2242 | D:3      | Reached XP level 4. HP: 9/30 MP: 4/6
  2600 | D:3      | Offered knowledge of Searing Ray by Vehumet.
  2604 | D:3      | Learned a level 2 spell: Searing Ray
  2768 | D:3      | Noticed an ogre
  2928 | D:4      | Found Jaoggur's Firing Range.
  3117 | D:4      | Reached XP level 5. HP: 36/36 MP: 7/7
  3534 | D:4      | Noticed a centaur
  3548 | D:4      | Slain by a centaur

Illustrated notes

Levels and vault maps discovered:
D:1:      tarquinn_simple_flora_water_f, layout_basic,
          hellmonk_ecumenical_altar_watching_god, minmay_misc_feat_tiny,
          minmay_crystal_room, roderic_serpentine_path, minivault_5
D:2:      layout_basic, kennysheep_generic_room_3
D:3:      layout_basic, minmay_ogre_servants, uniq_terence
D:4:      layout_loops_cross, minmay_temple_entry_slanted,
          nicolae_shop_firing_range

Skill      XL: |  1  2  3  4  5 |
---------------+----------------+-----
Spellcasting   | 1 2 |  2.1
Stealth        | 6 |  6.5
Short Blades   | 3 |  3.3
Fighting       | 3 |  3.2
Throwing       | |  2.0
Dodging        | |  1.0

Action                   |  1- 3 |  4- 6 || total
-------------------------+-------+-------++-------
Melee: Dagger            |    61 |    52 ||   113
       Constrict         |    10 |     5 ||    15
       Tentacles         |     9 |    13 ||    22
       Punch             |       |     2 ||     2
 Cast: Foxfire           |     7 |     5 ||    12
  Use: Potion            |       |     7 ||     7
 Stab: Sleeping          |    13 |     6 ||    19
       Distracted        |     1 |       ||     1
Armor: Skin              |     4 |     4 ||     8
Dodge: Dodged            |    30 |    19 ||    49
